 Dungeon Crawl Stone Soup version 0.22-a0-247-gbddf880757 (webtiles) character file.

33 NooBeakApe the Digger (level 3, -1/28 HPs)
             Began as a Centaur Earth Elementalist on Feb 27, 2018.
             Slain by a worker ant (4 damage)
             ... on level 2 of the Dungeon.
             The game lasted 00:03:20 (868 turns).

NooBeakApe the Digger (Centaur Earth Elementalist)   Turns: 868, Time: 00:03:20

Health: -1/28      AC:  4    Str: 15    XL:     3   Next: 12%
Magic:  0/5        EV: 10    Int: 20    God:
Gold:   16         SH:  0    Dex:  9    Spells: 1/5 levels left

rFire    . . .     SeeInvis .   (no weapon)
rCold    . . .     Gourm    .   (no shield)
rNeg     . . .     Faith    .   c - +0 robe
rPois    .         Spirit   .   (no helmet)
rElec    .         Reflect  .   (no cloak)
rCorr    .         Harm     .   (no gloves)
MR       .....                  (no barding)
Stlth    +.........             (no amulet)
HPRegen  0.09/turn              (no ring)
MPRegen  0.09/turn              (no ring)

@: mighty, brilliant, lethally poisoned (-1 -> -5), very quick
A: large, hooves 3, deformed body, speed 2, tough skin 3
a: no special abilities


You were on level 2 of the Dungeon.
You were not hungry.

You visited 1 branch of the dungeon, and saw 2 of its levels.

You collected 16 gold pieces.

Inventory:

Missiles
 b - 44 stones (quivered)
Armour
 c - a +0 robe (worn)
Scrolls
 e - a scroll of teleportation {unknown}
Potions
 g - a potion of might
Comestibles
 a - 2 chunks of flesh
 d - a ration


   Skills:
 + Level 1.1 Fighting
 + Level 1.5 Dodging
 - Level 1.1 Stealth
 + Level 1.9 Spellcasting
   Level 0.8 Transmutations
 * Level 3.3 Earth Magic


You had one spell level left.
You knew the following spells:

 Your Spells              Type           Power        Failure   Level  Hunger
a - Sandblast             Erth           ####..       1%          1    #......
b - Stone Arrow           Conj/Erth      ###...       3%          3    ###....


Dungeon Overview and Level Annotations

Branches:
Dungeon (2/15)

Altars:


Innate Abilities, Weirdness & Mutations

You have hooves in place of feet.
Armour fits poorly on your strangely shaped body.
You cover ground very quickly.
You have extremely tough skin. (AC +3)


Message History

Aiming: Sandblast (safe; 6% risk of failure)
Press: ? - help, Shift-Dir - straight line, f/p - worker ant
Aim: a worker ant (severely wounded)
The blast of sand hits the worker ant.
The worker ant is almost dead.
b - 44 stones The worker ant bites you.
The worker ant waves its antennae.
It was a potion of brilliance.
You feel clever all of a sudden. The worker ant barely misses you.
The worker ant bites you.
* * * LOW HITPOINT WARNING * * *
You are lethally poisoned!
The worker ant poisons you!
It was a potion of might.
You feel very mighty all of a sudden.
* * * LOW HITPOINT WARNING * * *
You feel sick. The worker ant bites you.
You die...

....<....#.#
........##w#
.#.......#.#
?####.#..#.#
##....#..#.#
.....a# .#.#
......# ##.#
......####.#####+##
.....<.†.......#@.#
####.#.#######.a..#
#.... ###### ###..#
...# ...# ###.# .#


You could see a worker ant.

Vanquished Creatures
  5 dart slugs (D:1)
  3 bats (D:1)
  A goblin (D:1)
  2 hobgoblins (D:1)
  5 kobolds (D:1)
  2 ball pythons (D:1)
  3 frilled lizards
  3 rats (D:1)
24 creatures vanquished.

Notes
Turn   | Place    | Note
-------+----------+-------------------------------------------
     0 | D:1      | NooBeakApe the Centaur Earth Elementalist began the quest for the Orb.
     0 | D:1      | Reached XP level 1. HP: 14/14 MP: 3/3
   137 | D:1      | Reached skill level 3 in Earth Magic
   186 | D:1      | Reached XP level 2. HP: 14/22 MP: 1/4
   507 | D:1      | Reached skill level 1 in Fighting
   676 | D:1      | Reached XP level 3. HP: 28/28 MP: 1/5
   681 | D:1      | Learned a level 3 spell: Stone Arrow
   868 | D:2      | Slain by a worker ant

Vault maps used:
D:1:      ncdulo_smallfort, st_stairs_1, serial_bayou_pond_e, minmay_cut_off
D:2:      regret_index_temple_of_mockery, gammafunk_temple_overflow_elements,
          chequers_ecumenical_altar_simple_redux

Skill      XL: |  1  2 |
---------------+-------+-----
Earth Magic    | 3 |  3.3
Fighting       | 1 |  1.1
Dodging        | |  1.5
Stealth        | |  1.1
Spellcasting   | |  1.9
Transmutations | |  0.8

Action                   || total
-------------------------++-------
Melee: Unarmed           ||    64
       Kick              ||    12
 Cast: Sandblast         ||    25
  Use: Potion            ||     2
Armor: Robe              ||    29
Dodge: Dodged            ||    36

Table legend:
 A = Spawn XP
 B = Non-spawn XP
 C = Spawn XP percentage of total XP
 D = Spawn monster count
 E = Non-spawn monster count
 F = Spawn count percentage of total count
 G = Total turns spent on level
                    A         B        C        D         E        F      G
               +---------+---------+-------+---------+---------+-------+---------
         Total |       0 |      48 |   0.0 |       0 |      24 |   0.0 |   868
               +---------+---------+-------+---------+---------+-------+---------
           D:1 |       0 |      47 |   0.0 |       0 |      23 |   0.0 |   802
           D:2 |       0 |       1 |   0.0 |       0 |       1 |   0.0 |    66
               +---------+---------+-------+---------+---------+-------+---------
